 Dungeon Crawl Stone Soup version 0.18.1-50-g88ac8fd (webtiles) character file.

4497 dvd the Cleaver (level 10, 0/88 HPs)
             Began as a Hill Orc Gladiator on Oct 23, 2016.
             Was a Priest of Beogh.
             Slain by a thrashing horror (3 damage)
             ... on level 1 of the Abyss.
             The game lasted 00:21:41 (8256 turns).

dvd the Cleaver (Hill Orc Gladiator)                Turns: 8256, Time: 00:21:42

Health: 0/88       AC: -19   Str: 24    XL:     10   Next: 38%
Magic:  20/20      EV: 10    Int:  8    God:    Beogh [***...]
Gold:   530        SH:  0    Dex: 13    Spells: 0 memorised, 9 levels left

rFire  . . .     SeeInvis .     a - +4 war axe
rCold  . . .     Gourm    .     R - +0 plate armour
rNeg   . . .     Faith    .     (no shield)
rPois  .         Spirit   .     c - +0 helmet
rElec  .         Dismiss  .     z - +2 cloak
rCorr  .         Reflect  .     E - +2 pair of gloves
SustAt .         Harm     .     (no boots)
MR     .....                    H - amulet of Ikez {RegenMP Str+4 Stlth+}
Stlth  ..........               y - +1 ring of protection
                                u - ring of magical power

@: corroded, not resistant to hostile enchantments, extremely unstealthy
A: no striking features
a: Smiting, Renounce Religion


You were on level 1 of the Abyss.
You worshipped Beogh.
Beogh was most pleased with you.
You were full.

You visited 2 branches of the dungeon, and saw 10 of its levels.
You visited the Abyss 1 time.
You also visited: Sewer.

You collected 530 gold pieces.

Inventory:

Hand Weapons
 a - a +4 war axe (weapon)
 N - a +0 trident of flaming
Missiles
 d - 5 throwing nets (quivered)
 O - 5 tomahawks
Armour
 b - a +0 leather armour
 c - a +0 helmet (worn)
 p - a +0 scale mail
 z - a +2 cloak (worn)
 E - a +2 pair of gloves (worn)
 R - a +0 plate armour (worn)
Jewellery
 k - a +2 amulet of reflection
 l - an uncursed ring of flight
 u - a ring of magical power (left hand)
 y - a +1 ring of protection (right hand)
 H - the amulet of Ikez (around neck) {RegenMP Str+4 Stlth+}
   (You found it on level 5 of the Dungeon)

   [amulet of magic regeneration]

   It increases your magic regeneration.
   It affects your strength (+4).
   It makes you more stealthy.
 K - an uncursed ring of fire
 Q - an uncursed amulet of rage
Wands
 g - a wand of disintegration (4/24)
 q - a wand of paralysis (18/24)
 G - a wand of slowing (16/48)
 J - a wand of iceblast (6/15)
 L - a wand of lightning (3/15)
 S - a wand of slowing (16/48)
Scrolls
 i - 5 scrolls of remove curse
 j - 6 scrolls of teleportation
 s - a scroll of enchant armour
 w - 8 scrolls of identify
 x - a scroll of fear
 C - 2 scrolls of recharging
 I - 3 scrolls of silence
Potions
 e - 3 potions of curing {unknown}
 m - a potion of agility
 n - 3 potions of ambrosia {unknown}
 r - a potion of resistance
 t - a potion of invisibility {unknown}
 v - 5 potions of flight
 A - 2 potions of magic
 B - 3 potions of haste {unknown}
 D - 2 potions of heal wounds {unknown}
 F - a potion of cancellation {unknown}
 M - a potion of degeneration {unknown}
Comestibles
 f - 12 bread rations
 h - 6 meat rations
 P - 15 fruits


   Skills:
 + Level 8.2 Fighting
 + Level 11.2 Axes
 + Level 1.9 Throwing
 + Level 7.8 Armour
 + Level 6.2 Dodging
 + Level 2.4 Stealth
 + Level 1.5 Invocations
 + Level 0.4 Evocations


You had 9 spell levels left.
You didn't know any spells.

Dungeon Overview and Level Annotations

Branches:
Dungeon (9/15)             Temple (1/1) D:5
   Lair: D:8-11         Orc: D:9-12

Altars:
Ashenzari
Cheibriados
Dithmenos
Elyvilon
Fedhas
Gozag
Kikubaaqudgha
Makhleb
Nemelex Xobeh
Okawaru
Pakellas
Qazlal
Ru
Sif Muna
Trog
Vehumet
Xom
Yredelemnul
Zin
The Shining One

Shops:
D:7 }

Annotations:
D:9 Prince Ribbit, Psyche


Message History

A large abomination comes into view.
A large abomination comes into view.
You start resting.
Found a paperback book.
The giant orange brain turns its gaze towards you.
A lurking horror and a thrashing horror come into view.
The thrashing horror roars!
A large abomination comes into view.
A wretched star comes into view.
The thrashing horror tramples you!
You stumble backwards!
The thrashing horror tramples you!
* * * LOW HITPOINT WARNING * * *
You stumble backwards!
The thrashing horror roars!
The thrashing horror tramples you.
* * * LOW HITPOINT WARNING * * *
You hold your ground!
The thrashing horror tramples you.
* * * LOW HITPOINT WARNING * * *
You hold your ground!
The thrashing horror tramples you.
You die...

####.## .##
#######.#### #..
#.#..#...#.#. #.
.#..#.... .# #
####..# ..#..# ## #
#@.X#.. .. #
...##..##XX#..#.. #
#....##..#.#...# ..
.#....X#.###.#. .
##.#.##......#.#.##.
.................. .
....................
.X..................
..........:...G....


You could see a thrashing horror and 3 large abominations.

Vanquished Creatures
  Erolcha (D:8)
  A rust devil (Abyss:1)
  A hippogriff (D:8)
  Menkaure (D:6)
  2 water moccasins
  Purgy (Sewer)
  An orc warrior (D:8)
  A black bear (D:7)
  2 ice beasts
  A sky beast (D:5)
  3 phantoms
  2 small abominations (Abyss:1)
  3 ogres
  A centaur (D:7)
  A big kobold (D:8)
  3 giant frogs
  A gnoll sergeant (D:8)
  2 scorpions (D:5)
  An electric eel (D:6)
  3 howler monkeys
  2 crimson imps (D:7)
  A giant frog zombie (D:8)
  An orc priest (D:5)
  8 hounds
  2 jellies (D:4)
  2 iguanas
  4 orc wizards
  7 worker ants
  A howler monkey skeleton (D:5)
  7 adders
  9 gnolls
  A river rat (D:6)
  2 shadow imps
  A white imp (Abyss:1)
  3 adder skeletons
  3 worms
  A dart slug (D:2)
  5 giant geckos
  15 orcs
  6 bats
  8 giant cockroaches
  5 goblins
  7 hobgoblins
  10 jackals
  14 kobolds
  6 quokkas
  A sheep (D:4)
  6 ball pythons
  A giant gecko skeleton (D:4)
  14 giant newts
  A quokka zombie (D:8)
  10 rats
196 creatures vanquished.

Notes
Turn   | Place    | Note
--------------------------------------------------------------
     0 | D:1      | dvd the Hill Orc Gladiator began the quest for the Orb.
     0 | D:1      | Reached XP level 1. HP: 18/18 MP: 1/1
    51 | D:1      | Reached XP level 2. HP: 15/25 MP: 2/2
   643 | D:1      | Reached skill level 5 in Axes
   643 | D:1      | Reached XP level 3. HP: 30/30 MP: 3/3
  1114 | D:2      | You fall through a shaft for 2 floors!
  1132 | D:4      | Reached skill level 1 in Armour
  1132 | D:4      | Reached XP level 4. HP: 22/38 MP: 4/4
  1143 | D:4      | Reached XP level 5. HP: 9/45 MP: 5/5
  1231 | D:4      | Reached skill level 6 in Axes
  1542 | D:4      | Found a white marble altar of Elyvilon.
  1599 | D:4      | Reached XP level 6. HP: 48/52 MP: 6/6
  1634 | D:4      | Found a shimmering altar of Xom.
  2761 | D:3      | Became a worshipper of Beogh the Brigand
  3464 | D:5      | Entered Level 5 of the Dungeon
  3486 | D:5      | Noticed a sky beast
  3502 | D:5      | Killed a sky beast
  3502 | D:5      | Reached skill level 7 in Axes
  3502 | D:5      | Reached XP level 7. HP: 42/59 MP: 7/7
  4037 | D:5      | Found a staircase to the Ecumenical Temple.
  4046 | Temple   | Entered the Ecumenical Temple
  4206 | D:5      | Got a vibrating ruby amulet
  4242 | D:5      | Identified the amulet of Ikez {RegenMP Str+4 Stlth+} (You found it on level 5 of the Dungeon)
  4285 | D:5      | Reached skill level 1 in Stealth
  4343 | D:5      | Reached XP level 8. HP: 61/67 MP: 8/8
  4464 | D:5      | Reached skill level 5 in Fighting
  4621 | D:6      | Reached * piety under Beogh
  4649 | D:6      | Found a glowing drain.
  4657 | Sewer    | Entered a sewer
  4720 | Sewer    | Reached skill level 8 in Axes
  4750 | Sewer    | Noticed Purgy
  4770 | Sewer    | Killed Purgy
  5007 | D:6      | Noticed Menkaure
  5016 | D:6      | Killed Menkaure
  5016 | D:6      | Reached skill level 5 in Armour
  5029 | D:6      | Reached skill level 5 in Dodging
  5683 | D:6      | Reached ** piety under Beogh
  5683 | D:6      | Reached XP level 9. HP: 71/75 MP: 9/9
  5702 | D:6      | Reached skill level 9 in Axes
  6282 | D:7      | Found a snail-covered altar of Cheibriados.
  6620 | D:7      | Found an oddly glowing altar of Pakellas.
  6620 | D:7      | Found Pakellas's Prime Provisions.
  6794 | D:8      | Reached skill level 1 in Invocations
  7320 | D:8      | Found a blossoming altar of Fedhas.
  7432 | D:8      | Reached skill level 10 in Axes
  7486 | D:8      | Reached *** piety under Beogh
  7817 | D:8      | Noticed Erolcha
  7843 | D:8      | Killed Erolcha
  7843 | D:8      | Reached XP level 10. HP: 54/88 MP: 11/11
  8084 | D:9      | Noticed Prince Ribbit
  8085 | D:9      | Noticed Psyche
  8090 | D:9      | Cast into level 1 of the Abyss (Psyche)
  8147 | Abyss:1  | Reached skill level 11 in Axes
  8181 | Abyss:1  | Noticed a rust devil
  8218 | Abyss:1  | Killed a rust devil
  8250 | Abyss:1  | Noticed a giant orange brain
  8252 | Abyss:1  | Noticed a thrashing horror
  8254 | Abyss:1  | Noticed a wretched star
  8256 | Abyss:1  | HP: 3/88 [thrashing horror (3)]
  8256 | Abyss:1  | Slain by a thrashing horror

Skill      XL: |  1  2  3  4  5  6  7  8  9 10 |
---------------+-------------------------------+-----
Axes           | 5 6 7 8 10 11 | 11.2
Fighting       | 3 4 6 7 8 |  8.2
Armour         | 1 3 4 5 7 |  7.8
Dodging        | 3 4 5 6 |  6.2
Stealth        | 1 2 |  2.4
Invocations    | 1 |  1.5
Throwing       | |  1.9
Evocations     | |  0.4

Action                   |  1- 3 |  4- 6 |  7- 9 | 10-12 || total
-------------------------+-------+-------+-------+-------++-------
Melee: War axe           |    97 |   202 |   447 |    45 ||   791
Invok: Convert to Beogh  |       |     1 |       |       ||     1
       Smiting           |       |       |     1 |       ||     1
Evoke: Wand              |       |       |     1 |     4 ||     5
  Use: Scroll            |       |     1 |    12 |     6 ||    19
       Potion            |       |       |     5 |       ||     5
 Stab: Paralysed         |       |       |     2 |       ||     2
       Sleeping          |       |       |     1 |       ||     1
       Distracted        |       |       |     1 |       ||     1
  Eat: Chunk             |     1 |     7 |     7 |     1 ||    16
       Meat ration       |       |       |     1 |     1 ||     2
       Pizza             |       |       |     1 |       ||     1
       Beef jerky        |       |       |     1 |       ||     1
Armor: Leather armour    |    13 |       |       |       ||    13
       Scale mail        |    32 |    80 |   229 |       ||   341
       Plate armour      |       |       |    22 |    19 ||    41
Dodge: Dodged            |    74 |   134 |   317 |    18 ||   543
Block: Other             |     5 |     8 |     2 |       ||    15
       Reflection        |     1 |       |       |       ||     1
